 Dungeon Crawl Stone Soup version 0.19-a0-2076-g12f1bb4 (webtiles) character file.

153343 Bailgrim the Fencer (level 16, -3/223 HPs)
             Began as a Minotaur Gladiator on Jan 30, 2017.
             Was a High Priest of Okawaru.
             Slain by a yaktaur captain (illusionary) (14 damage)
             ... on level 2 of the Vaults.
             The game lasted 01:03:24 (24548 turns).

Bailgrim the Fencer (Minotaur Gladiator)           Turns: 24548, Time: 01:03:25

Health: -3/223     AC: 28 (39%)Str: 27  XL:     16   Next: 75%
Magic:  21/21      EV: 18    Int: 11    God:    Okawaru [*****.]
Gold:   2329       SH:  0    Dex: 22    Spells: 11/15 levels left

rFire    + + .     SeeInvis +   C - +2 great sword
rCold    . . .     Faith    .   M - +4 plate armour "Lit Ygik" {rElec}
rNeg     + . .     Spirit   .   (shield currently unavailable)
rPois    .         Reflect  .   D - +1 hat {SInv}
rElec    +                      J - +0 cloak of the Slightly Bent {rN+ Regen+}
rCorr    .                      N - +0 pair of gloves
MR       ++...                  B - +2 pair of boots {run}
Stlth    ..........             L - amulet of rage
Regen    0.9/turn               H - +6 ring of dexterity
                                l - ring of the Median {Fire +Inv Int+6}

@: berserking, very quick
A: retaliatory headbutt, horns 2, see invisible, fire resistance 1, magic
resistance 1, screaming 1
}: 1/15 runes: decaying
a: Heroism, Finesse, Renounce Religion, Evoke Berserk Rage, Evoke Invisibility


You were on level 2 of the Vaults.
You worshipped Okawaru.
Okawaru was extremely pleased with you.
You were not hungry.

You visited 5 branches of the dungeon, and saw 23 of its levels.
You also visited: Ossuary and Ice Cave.

You collected 2862 gold pieces.
You spent 533 gold pieces at shops.

Inventory:

Hand Weapons
 b - a +2 rapier of holy wrath
 C - a +2 great sword (weapon)
Armour
 B - a +2 pair of boots of running (worn)
 D - a +1 hat of see invisible (worn)
 J - the +0 cloak of the Slightly Bent (worn) {rN+ Regen+}
   (You bought it in a shop on level 2 of the Orcish Mines)

   It protects you from negative energy.
   It increases your rate of regeneration.
 M - the +4 plate armour "Lit Ygik" (worn) {rElec}
   (You found it on level 8 of the Dungeon)

   It insulates you from electricity.
 N - a +0 pair of gloves (worn)
Jewellery
 e - an uncursed ring of poison resistance
 f - an uncursed ring of fire
 l - the ring of the Median (left hand) {Fire +Inv Int+6}
   (You found it on level 1 of the Vaults)

   [ring of fire]

   It enhances your fire magic.
   It affects your intelligence (+6).
   It protects you from fire.
   It lets you turn invisible.
 p - an uncursed ring of flight
 t - an uncursed ring of resist corrosion
 H - a +6 ring of dexterity (right hand)
 I - the amulet of Axef Ziw {Spirit -Tele rF+ rC+}
   (You found it in an ice cave)

   [amulet of guardian spirit]

   It causes incoming damage to be split between your health and magic.
   It protects you from fire.
   It protects you from cold.
   It prevents most forms of teleportation.
 L - an amulet of rage (around neck)
 Q - an uncursed ring of wizardry
Wands
 c - a wand of digging (3)
 G - a wand of iceblast (6)
 K - a wand of acid (4)
 P - a wand of flame (22)
 R - a wand of clouds (4)
 S - a wand of random effects (8)
Scrolls
 a - 2 scrolls of summoning {!r}
 d - 6 scrolls of fear
 g - a scroll of amnesia
 h - 7 scrolls of recharging
 k - 4 scrolls of fog
 n - 2 scrolls of blinking
 o - 5 scrolls of immolation {!r}
 u - 7 scrolls of teleportation
 x - a scroll of magic mapping
 y - 2 scrolls of enchant armour
 O - a scroll of brand weapon
 V - a scroll of silence
Potions
 i - a potion of agility
 j - 2 potions of haste
 m - 2 potions of flight
 q - a potion of berserk rage {!q}
 r - 3 potions of heal wounds
 s - 5 potions of lignification {!q}
 v - 6 potions of resistance {!r}
 w - 10 potions of curing
 z - 3 potions of brilliance
 A - 3 potions of might
 E - 3 potions of invisibility
 F - 4 potions of ambrosia {!q}


   Skills:
 * Level 15.4 Fighting
 - Level 20.8 Long Blades
 - Level 2.0 Throwing
 * Level 13.8 Armour
 * Level 13.4 Dodging
 - Level 9.0 Invocations
 - Level 7.3 Evocations


You had 11 spell levels left.
You knew the following spells:

 Your Spells              Type           Power        Failure   Level  Hunger
a - Repel Missiles        Chrm/Air       0 (50)       100%        2    ###....
b - Blink                 Tloc           N/A          100%        2    ###....


Dungeon Overview and Level Annotations

Branches:
Dungeon (15/15)            Temple (1/1) D:5           Swamp (3/3) D:14
    Orc (2/2) D:9             Elf (0/1) Vaults:1     Vaults (2/3) D:15
 Depths (0/3) D:15
   Lair: D:-1         Snake: D:13-14     Spider: D:13-14      Crypt: Vaults:-1
   Tomb: Vaults:-1

Altars:
Cheibriados
Dithmenos
Elyvilon
Gozag
Hepliaklqana
Kikubaaqudgha
Makhleb
Nemelex Xobeh
Okawaru
Ru
Uskayaw
Vehumet
Xom
Zin
The Shining One

Shops:
D:5 :   D:6 [   D:12 !   Orc:2 !}*[   Vaults:2 *

Portals:
Pandemonium: Orc:2


Innate Abilities, Weirdness & Mutations

You reflexively headbutt those who attack you in melee.
You have a pair of horns on your head.
You have supernaturally acute eyesight. (SInv)
Your flesh is heat resistant. (rF+)
You are resistant to hostile enchantments. (MR+)
You occasionally shout uncontrollably at your foes.


Message History

You slice the yaktaur captain like a ripe choko (36)!!!
You headbutt the yaktaur captain, but do no damage.
The yaktaur captain is lightly wounded.
The yaktaur captain hits you (17)!
* * * LOW HITPOINT WARNING * * *
Unknown command.
You slash the rakshasa (16)! You headbutt the rakshasa (9)!
The rakshasa is moderately wounded.
You completely miss the rakshasa.
The rakshasa is moderately wounded.
The rakshasa hits you but does no damage.
The yaktaur captain hits you (12)!
* * * LOW HITPOINT WARNING * * *
The yaktaur captain hits you but does no damage.
The yaktaur captain closely misses you. You furiously retaliate!
You headbutt the yaktaur captain (3).
You riposte.
You slash the yaktaur captain (8)! You headbutt the yaktaur captain (13)!
The yaktaur captain is moderately wounded.
The yaktaur captain hits you (14)!
You die...

.. .. .### ##.#.#
##..#.#
##..##.#################
#>.....'................
##..##.#.........c......
###..#.#.......R@c......
.###.#.#.......ccc......
..##.###................
#.....##................
####..##................
...#####...........∩....
#### #................
#................
#............


You could see 5 yaktaur captains and a rakshasa.

Vanquished Creatures
  Xtahua (Vaults:2)
  Jorgrun (Vaults:1)
  A tentacled monstrosity (Swamp:2)
  A thorn hunter (Swamp:3)
  An azure jelly (Swamp:3)
  A vault warden (Vaults:1)
  An orc warlord (Orc:1)
  3 ironheart preservers
  A very ugly thing (Swamp:1)
  2 stone giants
  Nessos (D:12)
  A halazid warlock (Vaults:1)
  An ettin (Vaults:1)
  A crystal guardian (Vaults:1)
  A great orb of eyes (Vaults:1)
  A fire dragon (Vaults:2)
  3 yaktaur captains (Vaults:1)
  A rakshasa (Vaults:2)
  An ogre mage (D:15)
  A vault guard (D:15)
  3 ghost crabs
  11 hydras
  6 ice dragons
  2 death knights (D:14)
  6 two-headed ogres
  3 centaur warriors
  5 alligators
  A deep troll earth mage (Vaults:1)
  9 orc high priests
  5 spriggans
  A shadow wraith (Vaults:1)
  A skeletal warrior (D:14)
  4 deep trolls (Vaults:1)
  A sixfirhy (Orc:2)
  An unseen horror (D:15)
  An infernal demonspawn (Orc:2)
  5 wizards
  3 shambling mangroves
  3 spriggan druids
  2 swamp dragons
  A deep elf archer (Vaults:1)
  6 deep elf magi
  5 orc knights
  A wolf spider zombie (D:15)
  5 ironbrand convokers
  A necromancer (D:15)
  8 orc sorcerers
  4 hornets
  2 cyclopes
  3 manticores
  14 ugly things
  2 ice statues (IceCv)
  Joseph (D:7)
  3 black mambas
  A torpor snail (shapeshifter) (Vaults:2)
  4 vault sentinels
  A black mamba (shapeshifter) (D:15)
  An orange demon (Orc:2)
  A naga mage (D:15)
  A gargoyle (D:14)
  5 spiny frogs
  4 rime drakes
  6 freezing wraiths
  3 tengu conjurers
  An efreet (D:14)
  A hellwing (Orc:2)
  7 trolls
  A jumping spider (shapeshifter) (D:15)
  4 tyrant leeches
  Grinder (D:3)
  19 blink frogs
  17 slime creatures
  2 bog bodies (Swamp:1)
  2 centaur simulacra (D:15)
  8 wyverns
  A wraith (D:14)
  5 shadows
  A ynoxinul (Orc:2)
  11 yaks
  A vampire (D:11)
  A redback simulacrum (D:15)
  A neqoxec (Orc:2)
  A steam dragon (D:7)
  A human (shapeshifter) (Vaults:1)
  2 angry ghosts
  12 vampire mosquitoes
  6 swamp worm simulacra (Swamp:3)
  11 wargs
  13 swamp worms
  A spiny frog zombie (D:8)
  2 acid dragons
  16 water moccasins (D:11)
  17 hydra simulacra (Swamp:3)
  40 orc warriors
  7 swamp drakes
  10 ice beasts
  A black bear (D:7)
  12 wasps
  3 boggarts (Vaults:1)
  10 ogres
  14 centaurs
  4 wolves (Orc:2)
  A rime drake skeleton (D:9)
  3 bullfrogs
  A gnoll sergeant (D:9)
  A water moccasin zombie (D:4)
  3 wyvern skeletons
  13 scorpions
  8 killer bees
  13 wights
  4 howler monkeys
  5 electric eels
  5 crimson imps
  6 centaur zombies
  A quasit (D:8)
  6 hounds
  2 jellies
  2 human zombies (Ossuary)
  31 orc priests
  24 orc wizards
  7 centaur skeletons
  2 iguanas
  4 worker ants
  A hound skeleton (D:6)
  4 mummies
  16 adders
  4 gnolls (D:9)
  4 scorpion zombies (Ossuary)
  5 shadow imps
  2 swamp drake simulacra (Swamp:3)
  An ooze (D:2)
  3 dart slugs
  6 leopard geckos
  94 orcs
  2 ball pythons
  2 bats
  3 giant cockroaches
  4 gnoll zombies (Ossuary)
  9 goblins
  8 hobgoblins
  6 jackals
  7 kobolds
  A quokka (D:3)
  5 frilled lizards
  A giant cockroach zombie (D:5)
  A hobgoblin zombie (Ossuary)
  A kobold zombie (Ossuary)
  A leopard gecko zombie (D:5)
  An orc zombie (Ossuary)
  A quokka skeleton (D:4)
  11 rats
  A fungus (D:15)
795 creatures vanquished.

Vanquished Creatures (others)
  A swamp worm (Swamp:3)
  A centaur (D:13)
  An adder (D:11)
  An orc (D:7)
  A fungus (D:14)
5 creatures vanquished.

Grand Total: 800 creatures vanquished

Notes
Turn   | Place    | Note
-------+----------+-------------------------------------------
     0 | D:1      | Bailgrim the Minotaur Gladiator began the quest for the Orb.
     0 | D:1      | Reached XP level 1. HP: 18/18 MP: 0/0
   114 | D:1      | Reached skill level 4 in Long Blades
   132 | D:1      | Reached XP level 2. HP: 22/25 MP: 1/1
   506 | D:1      | Reached skill level 5 in Long Blades
   657 | D:1      | Reached XP level 3. HP: 30/30 MP: 2/2
   889 | D:2      | Found a faded altar of an unknown god.
  1285 | D:3      | Reached XP level 4. HP: 14/37 MP: 3/3
  1529 | D:3      | Gained mutation: You have supernaturally acute eyesight. (SInv) [potion of mutation]
  1529 | D:3      | Gained mutation: You occasionally shout uncontrollably at your foes. [potion of mutation]
  1529 | D:3      | Gained mutation: Your flesh is heat resistant. (rF+) [potion of mutation]
  1580 | D:3      | Reached skill level 6 in Long Blades
  1698 | D:3      | Noticed Grinder
  1709 | D:3      | Paralysed by Grinder for 6 turns
  1720 | D:3      | Killed Grinder
  1720 | D:3      | Reached skill level 8 in Long Blades
  1720 | D:3      | Reached XP level 5. HP: 34/42 MP: 4/4
  1720 | D:3      | Reached XP level 6. HP: 41/50 MP: 5/5
  1781 | D:3      | Gained mutation: You are resistant to hostile enchantments. (MR+) [potion of beneficial mutation]
  2014 | D:4      | Reached skill level 9 in Long Blades
  2281 | D:4      | Reached XP level 7. HP: 52/56 MP: 6/6
  2377 | D:4      | Found a shadowy altar of Dithmenos.
  2377 | D:4      | Found a white marble altar of Elyvilon.
  2429 | D:4      | Reached skill level 10 in Long Blades
  2572 | D:5      | Entered Level 5 of the Dungeon
  2594 | D:5      | Found a staircase to the Ecumenical Temple.
  2606 | Temple   | Entered the Ecumenical Temple
  2669 | Temple   | Became a worshipper of Warmaster Okawaru
  2710 | D:5      | Found a sand-covered staircase.
  2719 | Ossuary  | Entered an ossuary
  3502 | Ossuary  | Reached XP level 8. HP: 64/67 MP: 7/7
  3510 | Ossuary  | Reached skill level 5 in Fighting
  3700 | Ossuary  | Reached * piety under Okawaru
  3700 | Ossuary  | Reached skill level 11 in Long Blades
  4253 | D:5      | Reached skill level 12 in Long Blades
  4464 | D:5      | Found Favvexawoi's Book Shoppe.
  4794 | D:6      | Found a sparkling altar of Nemelex Xobeh.
  4846 | D:6      | Reached XP level 9. HP: 37/78 MP: 6/8
  5103 | D:6      | Reached skill level 13 in Long Blades
  5133 | D:6      | Found Daewufum's Antique Armour Emporium.
  5173 | D:7      | Reached ** piety under Okawaru
  5424 | D:7      | Noticed a two-headed ogre
  5435 | D:7      | Killed a two-headed ogre
  5435 | D:7      | Reached *** piety under Okawaru
  5435 | D:7      | Reached skill level 14 in Long Blades
  5842 | D:7      | Reached skill level 1 in Armour
  6097 | D:7      | Noticed Joseph
  6226 | D:7      | Killed Joseph
  6226 | D:7      | Reached skill level 1 in Invocations
  6226 | D:7      | Reached skill level 1 in Evocations
  6226 | D:7      | Reached XP level 10. HP: 60/86 MP: 9/9
  6551 | D:8      | Reached **** piety under Okawaru
  7149 | D:8      | Noticed a deep elf mage
  7160 | D:8      | Killed a deep elf mage
  7160 | D:8      | Reached skill level 5 in Dodging
  7386 | D:8      | Got the +4 plate armour "Lit Ygik" {rElec}
  8032 | D:9      | Reached skill level 5 in Armour
  8241 | D:9      | Found a staircase to the Orcish Mines.
  8354 | D:9      | Reached ***** piety under Okawaru
  8476 | D:9      | Reached XP level 11. HP: 85/97 MP: 12/12
  8635 | D:10     | Entered Level 10 of the Dungeon
  8839 | D:10     | Learned a level 2 spell: Repel Missiles
  8842 | D:10     | Learned a level 2 spell: Blink
  9090 | D:10     | Reached skill level 5 in Invocations
  9586 | D:11     | Received a gift from Okawaru
  9591 | D:11     | Got the -7 pair of boots of the Nightingale {*Drain Str+5}
 10464 | D:11     | Noticed a deep elf mage
 10504 | D:11     | Killed a deep elf mage
 10504 | D:11     | Reached skill level 10 in Fighting
 11094 | Orc:1    | Entered Level 1 of the Orcish Mines
 11131 | Orc:1    | Noticed an orc sorcerer
 11146 | Orc:1    | Killed an orc sorcerer
 11188 | Orc:1    | Reached XP level 12. HP: 92/106 MP: 15/15
 11356 | Orc:1    | Noticed a two-headed ogre
 11364 | Orc:1    | Killed a two-headed ogre
 11395 | Orc:1    | Noticed an orc warlord
 11748 | D:12     | Noticed an orc high priest
 11754 | D:12     | Killed an orc high priest
 11754 | D:12     | Reached skill level 5 in Evocations
 11812 | D:12     | Noticed a seven-headed hydra
 11819 | D:12     | Killed a seven-headed hydra
 11819 | D:12     | Received a gift from Okawaru
 11819 | D:12     | Reached skill level 15 in Long Blades
 11881 | D:12     | Noticed a seven-headed hydra
 11888 | D:12     | Killed a seven-headed hydra
 11979 | D:12     | Received a gift from Okawaru
 12132 | D:12     | Noticed a two-headed ogre
 12140 | D:12     | Killed a two-headed ogre
 12610 | D:12     | Found Cushrene's Distillery.
 12643 | D:12     | Noticed Nessos
 12656 | D:12     | Killed Nessos
 12883 | Orc:1    | Reached skill level 16 in Long Blades
 12888 | Orc:1    | Killed an orc warlord
 13079 | Orc:2    | Entered Level 2 of the Orcish Mines
 13088 | Orc:2    | Reached XP level 13. HP: 116/116 MP: 17/17
 13566 | Orc:1    | Reached skill level 17 in Long Blades
 14066 | Orc:2    | Found Goecem's Distillery.
 14164 | Orc:2    | Found Kotikeash's General Store.
 14471 | Orc:2    | Received a gift from Okawaru
 14485 | Orc:2    | Got the +4 triple sword of the Blind Eye {freeze, rElec MP-9 Int+2 Dex+3}
 14857 | Orc:2    | Reached skill level 18 in Long Blades
 15355 | Orc:2    | Reached skill level 19 in Long Blades
 15356 | Orc:2    | Found Zoasucoodgh's Gadget Shop.
 15356 | Orc:2    | Found Eratig's Antique Armour Boutique.
 15357 | Orc:2    | Found a one-way gate leading to the halls of Pandemonium.
 15548 | Orc:2    | Bought the +0 cloak of the Slightly Bent {rN+ Regen+} for 533 gold pieces
 15798 | D:13     | Found a frozen archway.
 15896 | IceCv    | Entered an ice cave
 15902 | IceCv    | Received a gift from Okawaru
 15927 | IceCv    | Got the amulet of Axef Ziw {Spirit -Tele rF+ rC+}
 16123 | D:13     | Reached XP level 14. HP: 116/124 MP: 18/18
 16191 | D:13     | Reached skill level 20 in Long Blades
 17282 | D:14     | Found a staircase to the Swamp.
 17970 | D:15     | Entered Level 15 of the Dungeon
 18138 | D:15     | Found a glowing golden altar of the Shining One.
 18198 | D:15     | Received a gift from Okawaru
 18447 | D:15     | Reached skill level 10 in Armour
 18450 | D:15     | Found a gate to the Vaults.
 18542 | D:15     | Found a staircase to the Depths.
 18830 | Swamp:1  | Entered Level 1 of the Swamp
 18842 | Swamp:1  | Noticed a green very ugly thing
 18856 | Swamp:1  | Killed a green very ugly thing
 18875 | Swamp:1  | Reached XP level 15. HP: 112/134 MP: 20/20
 19152 | Swamp:1  | Reached skill level 10 in Dodging
 19584 | Swamp:1  | Received a gift from Okawaru
 20321 | Swamp:2  | Noticed a tentacled monstrosity
 20334 | Swamp:2  | Killed a tentacled monstrosity
 20927 | Swamp:3  | Entered Level 3 of the Swamp
 20937 | Swamp:3  | Noticed a thorn hunter
 20951 | Swamp:3  | Killed a thorn hunter
 21152 | Swamp:3  | Received a gift from Okawaru
 21306 | Swamp:3  | Identified a +2 pair of boots of running (Okawaru gifted it to you on level 3 of the Swamp)
 22243 | Swamp:3  | Noticed an azure jelly
 22254 | Swamp:3  | Killed an azure jelly
 22380 | Swamp:3  | Reached XP level 16. HP: 93/146 MP: 14/21
 22533 | Swamp:3  | Got a decaying rune of Zot
 22799 | Vaults:1 | Entered Level 1 of the Vaults
 22929 | Vaults:1 | Noticed Jorgrun
 22949 | Vaults:1 | Killed Jorgrun
 23606 | Vaults:1 | Found a staircase to the Elven Halls.
 23676 | Vaults:1 | Received a gift from Okawaru
 23830 | Vaults:1 | Reached skill level 15 in Fighting
 23839 | Vaults:1 | Got the ring of the Median {Fire +Inv Int+6}
 24417 | Vaults:2 | Noticed Xtahua
 24432 | Vaults:2 | Killed Xtahua
 24435 | Vaults:2 | Received a gift from Okawaru
 24537 | Vaults:2 | Found Yklit's Assorted Antiques.
 24548 | Vaults:2 | HP: 11/223 [yaktaur captain (illusionary) (12)]
 24548 | Vaults:2 | Slain by a yaktaur captain (illusionary)

Vault maps used:
D:1:      moated_graveyard_arrival, minivault_25
D:2:      ecumenical_altar_1, hangedman_decor_growths
D:3:      kennysheep_generic_room_15, uniq_grinder
D:4:      gammafunk_temple_overflow_pools
D:5:      minmay_temple_entry_overgrown, gup_ossuary_entry_pyramid, first_bread,
          serial_shops, shop_statue
D:6:      nemelex_xobeh_ov_fountains_minmay, serial_shops,
          nicolae_shop_behind_doors
D:7:      serial_corexii_hall, corexii_hall_statues_l, corexii_hall_statues_s,
          grunt_ogre_cave, corexii_checkpoint_b, uniq_joseph
D:8:      cheibrodos_quashed
D:9:      hiddenorc2_lemuel
D:11:     lemuel_reptile_caves, serial_corexii_hall, corexii_hall_statues_t,
          corexii_hall_statues_u
D:12:     serial_shops, nicolae_shop_crystal, grunt_decor_fettered,
          minmay_misc_feat_tower, basic_loot_grate_trap, uniq_nessos
D:13:     portal_ice_cave_rime
D:14:     minmay_swamp_entry_eels, evilmike_minifort
D:15:     grunt_enter_depths_magical_seal, david_vaults_5,
          nicolae_tso_swordbearing_angel
Temple:   nicolae_temple_elliptical
Swamp:1:  evilmike_swamp_ruin_house_5
Swamp:2:  nicolae_swamp_very_dense_foliage, swamp_pool5
Swamp:3:  swamp_icy, swamp_pool1
Orc:2:    pf_orc_diabolical, mines5_lemuel
Vaults:1: v_misc_2, nicolae_vaults_asterisk, v_misc_23, v_rooms_4,
          hangedman_vaults_pinch, ontoclasm_vaults_ligature,
          hangedman_vaults_nails, v_pattern_2, st_smaller_cells,
          hangedman_vaults_stream, v_misc_23, nicolae_vaults_little_squares_3,
          v_misc_8, vaults_room_stairs_pillars, vaults_room_hallway,
          uniq_jorgrun
Vaults:2: vaults_room_ringed_pool, nicolae_vaults_twisting_passages,
          vaults_room_door_hall, v_misc_5, st_spiral_rooms, v_misc_25,
          nicolae_vaults_network_periphery, nicolae_vaults_theta,
          v_alt_pattern_6, ontoclasm_vaults_gateway, v_alt_pattern_4,
          nicolae_vaults_yaktaur_gun_rack, vaults_room_semicircle, serial_shops,
          shop, shop, uniq_xtahua
Ossuary:  ossuary_minmay_scorpions
IceCv:    ice_cave_statue_garden_teleport

Skill      XL: |  1  2  3  4  5  6  7  8  9 10 11 12 13 14 15 16 |
---------------+-------------------------------------------------+-----
Long Blades    | 4 5 8 9 10 12 14 16 19 20 | 20.8
Fighting       | 4 6 7 9 10 11 12 14 15 | 15.4
Armour         | 2 5 7 8 10 12 13 | 13.8
Dodging        | 4 6 7 8 9 11 13 | 13.4
Invocations    | 1 2 6 7 8 9 |  9.0
Evocations     | 1 3 4 5 6 7 |  7.3
Throwing       | |  2.0

Action                   |  1- 3 |  4- 6 |  7- 9 | 10-12 | 13-15 | 16-18 || total
-------------------------+-------+-------+-------+-------+-------+-------++-------
Melee: Long sword        |   116 |    63 |   347 |   880 |       |       ||  1406
       Headbutt          |    15 |    12 |    97 |   248 |   399 |   126 ||   897
       Punch             |       |       |     1 |     1 |       |       ||     2
       Great sword       |       |       |       |    41 |  1364 |   292 ||  1697
Invok: Heroism           |       |       |     3 |     5 |     7 |     4 ||    19
 Abil: Evoke Berserk Rag |       |       |       |     7 |    19 |     4 ||    30
       Evoke Flight      |       |       |       |       |     9 |     3 ||    12
       Stop Flying       |       |       |       |       |       |     1 ||     1
  Use: Potion            |       |     3 |       |     1 |     1 |     3 ||     8
       Scroll            |       |       |     1 |       |     3 |       ||     4
 Stab: Distracted        |       |       |     1 |       |       |       ||     1
Armor: Leather armour    |    27 |     1 |       |       |       |       ||    28
       Ring mail         |       |     9 |    24 |       |       |       ||    33
       Scale mail        |       |       |    29 |    20 |       |       ||    49
       Plate armour      |       |       |       |   289 |   706 |   108 ||  1103
Dodge: Dodged            |    58 |    29 |   113 |   344 |   663 |   141 ||  1348
